 Dungeon Crawl Stone Soup version 0.20.1-1-g8b1a95d (webtiles) character file.

37485 vishdafish the Grappler (level 13, -2/131 HPs)
             Began as a Troll Hunter on July 7, 2017.
             Slain by a wolf (3 damage)
             ... on level 3 of the Lair of Beasts.
             The game lasted 00:30:23 (14018 turns).

vishdafish the Grappler (Troll Hunter)             Turns: 14018, Time: 00:30:23

Health: -2/131     AC: 13    Str: 23    XL:     13   Next: 58%
Magic:  12/12      EV: 15    Int:  7    God:
Gold:   1042       SH:  4    Dex: 14    Spells: 12/12 levels left

rFire    + . .     SeeInvis +     - Unarmed
rCold    + + .     Gourm    +   (no shield)
rNeg     . . .     Faith    .   j - +0 steam dragon scales
rPois    +         Spirit   .   n - +2 hat
rElec    +         Reflect  .   t - +0 cloak
rCorr    +         Harm     .   (gloves unavailable)
MR       .....                  (boots unavailable)
Stlth    +.........             (no amulet)
Regen    0.8/turn               c - +3 ring of slaying
MPRegen  0.2/turn               y - ring of see invisible

@: resistant, very slightly contaminated
A: unfitting armour, claws 3, horns 1, large bone plates 1, slimy green scales
1, cold resistance 1, fast metabolism 3, gourmand, sense surroundings 2,
regeneration 1, shaggy fur 1, tough skin 2, evolution 1
a: no special abilities


You were on level 3 of the Lair of Beasts.
You were hungry.

You visited 3 branches of the dungeon, and saw 16 of its levels.

You collected 1042 gold pieces.

Inventory:

Hand Weapons
 P - a +0 giant spiked club
Missiles
 a - 8 silver javelins
 d - 3 large rocks (quivered)
Armour
 j - +0 steam dragon scales (worn)
 n - a +2 hat (worn)
 t - a +0 cloak (worn)
Jewellery
 c - a +3 ring of slaying (left claw)
 v - an uncursed ring of protection from cold
 y - a ring of see invisible (right claw)
 Q - an uncursed ring of resist corrosion
Wands
 s - a wand of flame (24/48)
 A - a wand of iceblast (8/15)
 T - a wand of flame (31/48)
 V - a wand of lightning (6/15)
Scrolls
 l - 4 scrolls of teleportation
 p - 2 scrolls of enchant armour
 q - 6 scrolls of remove curse
 r - 3 scrolls of amnesia
 x - 5 scrolls of fog {unknown}
 B - 4 scrolls of immolation {unknown}
 D - 6 scrolls of enchant weapon {unknown}
 E - 3 scrolls of fear {unknown}
 F - a scroll of random uselessness
 I - a scroll of vulnerability {unknown}
 L - a scroll of silence {unknown}
 N - 3 scrolls of recharging
 R - a scroll of acquirement {unknown}
 W - a scroll of holy word
 X - a scroll of noise {unknown}
 Y - a scroll of magic mapping {unknown}
 Z - 2 scrolls of brand weapon {unknown}
Potions
 b - a potion of ambrosia
 e - a potion of cancellation
 h - 2 potions of flight
 i - 4 potions of might
 m - 2 potions of curing
 u - 5 potions of brilliance
 C - a potion of mutation {unknown}
 H - 2 potions of lignification
 M - a potion of resistance
Books
 G - a book of Air

   Spells                             Type                      Level
   a - Shock                          Conjuration/Air              1
   b - Swiftness                      Charms/Air                   2
   c - Static Discharge               Conjuration/Air              3
   d - Airstrike                      Air                          4
   e - Lightning Bolt                 Conjuration/Air              5
 U - a Fen Folio

   Spells                             Type                      Level
   a - Corpse Rot                     Necromancy                   2
   b - Stone Arrow                    Conjuration/Earth            3
   c - Leda's Liquefaction            Hexes/Earth                  4
   d - Summon Forest                  Summoning/Translocation      5
   e - Hydra Form                     Transmutation                6
   f - Summon Hydra                   Summoning                    7
Miscellaneous
 z - a lightning rod (4/4)
Comestibles
 f - 8 bread rations
 g - 8 meat rations
 k - 11 royal jellies
 o - 13 fruits


   Skills:
 + Level 9.3 Fighting
 + Level 9.7 Throwing
 + Level 9.4 Dodging
 - Level 0.3 Stealth
 * Level 14.4 Unarmed Combat


You had 12 spell levels left.
You didn't know any spells.

Dungeon Overview and Level Annotations

Branches:
Dungeon (12/15)            Temple (1/1) D:7            Lair (3/6) D:8
 Shoals (0/4) Lair:3          Orc (0/2) D:12
  Snake: Lair:2-4    Spider: Lair:2-4

Altars:
Ashenzari
Cheibriados
Dithmenos
Elyvilon
Fedhas
Gozag
Hepliaklqana
Kikubaaqudgha
Makhleb
Nemelex Xobeh
Okawaru
Qazlal
Ru
Sif Muna
Trog
Uskayaw
Vehumet
Xom
Yredelemnul
Zin
The Shining One

Shops:
D:9 %?


Innate Abilities, Weirdness & Mutations

You are too large for most types of armour.
You have claws for hands.
Your metabolism is lightning-fast.
You like to eat raw meat.
Your natural rate of healing is unusually fast.
You are covered in fur. (AC +1)
You have very tough skin. (AC +2)
You have a pair of small horns on your head.
You are partially covered in large bone plates. (SH +4)
You are partially covered in slimy green scales. (AC +2)
Your flesh is cold resistant. (rC+)
You passively map the area around you.
You evolve.


Message History

You kill the wolf!
The wolf completely misses you. The wolf barely misses you.
You miss the wolf. You headbutt the wolf.
The wolf is moderately wounded.
The wolf completely misses you. You block the wolf's attack.
You claw the wolf!
The wolf is almost dead.
You block the wolf's attack. The wolf barely misses you. The wolf bites you!
* * * LOW HITPOINT WARNING * * *
You block the wolf's attack. The wolf bites you.
* * * LOW HITPOINT WARNING * * *
You feel better. The wolf completely misses you. The wolf bites you!
* * * LOW HITPOINT WARNING * * *
The wolf completely misses you. The wolf bites you but does no damage.
Okay, then.
It was a potion of resistance.
You feel protected. The wolf closely misses you. The wolf misses you.
You block the wolf's attack. The wolf bites you.
You die...

, ,
.................
...................#
* , ,,,
.......#...###...(.
, ....#......# .....
,, #...##...#.#
##..., , , *,*
*#...#....### * ##.,
, ,..###......## , ,
* ...........###
.##.@†..#.# * ,
##hhh.#.## ≈
#.......P# *. *
#.....(..### **.. *
#P...P......# #...,
*
#.....#...(.##.....
≈
#...##.#...........,
≈
##..*######........
≈ * ## ,* #(....P≈≈,


You could see 3 wolves.

Vanquished Creatures
  Gastronok (Lair:3)
  2 hydras
  A two-headed ogre (D:8)
  An unseen horror (D:9)
  The ghost of Frank the Shield-Bearer, a novice GrFi of the Shining One (D:6)
  A deep elf mage (D:9)
  A manticore (D:8)
  2 cyclopes (D:12)
  3 ugly things
  A centaur zombie (D:12)
  6 elephants (Lair:2)
  2 black mambas (Lair:2)
  Joseph (D:7)
  A gargoyle (D:12)
  A komodo dragon (Lair:2)
  3 spiny frogs (Lair:2)
  A queen bee (Lair:2)
  2 trolls (D:8)
  A merfolk (D:8)
  4 slime creatures (D:12)
  A meliai zombie (D:12)
  4 hippogriffs
  2 shadows
  5 wyverns
  A hungry ghost (D:12)
  Eustachio (D:6)
  A basilisk (Lair:2)
  A human (D:7)
  20 yaks
  5 hogs
  2 steam dragons (D:5)
  2 vampire mosquitoes (D:12)
  A soldier ant (D:10)
  3 acid dragons
  2 water moccasins
  3 ice beasts
  6 orc warriors
  6 black bears
  An eye of draining (D:11)
  4 sky beasts
  3 wolves (Lair:3)
  5 ogres
  3 phantoms
  17 centaurs
  4 crocodiles
  2 big kobolds (D:8)
  12 bullfrogs
  4 gnoll sergeants
  2 scorpions
  A water moccasin skeleton (D:6)
  11 killer bees (Lair:2)
  2 troll zombies (D:12)
  3 wights (D:12)
  7 electric eels (D:8)
  3 crimson imps
  4 jellies
  2 quasits (D:10)
  A bullfrog zombie (D:5)
  A gnoll shaman (D:8)
  Crazy Yiuf (D:7)
  13 hounds
  6 orc priests
  7 orc wizards
  5 bullfrog skeletons
  Ijyb (D:3)
  2 iguanas
  11 worker ants
  A statue (D:4)
  4 ogre zombies (D:12)
  2 worker ant zombies
  3 gnolls (D:9)
  17 adders
  4 shadow imps
  3 oozes
  An adder zombie (D:9)
  2 adder skeletons
  4 worms
  3 dart slugs
  2 leopard geckos
  27 orcs
  2 ball pythons
  5 giant cockroaches
  9 goblins
  5 hobgoblins
  7 jackals
  7 quokkas
  9 bats
  2 frilled lizards
  A goblin zombie (D:12)
  3 hobgoblin skeletons (D:12)
  A hobgoblin zombie (D:12)
  7 kobolds
  5 orc skeletons (D:12)
  9 orc zombies (D:12)
  3 rats
  A fungus (D:5)
  A plant (Lair:3)
390 creatures vanquished.

Vanquished Creatures (others)
  A scorpion (D:10)
  2 killer bees (D:10)
  A bullfrog skeleton (D:10)
  10 fungi
  2 plants (D:8)
16 creatures vanquished.

Grand Total: 406 creatures vanquished

Notes
Turn   | Place    | Note
-------+----------+-------------------------------------------
     0 | D:1      | vishdafish the Troll Hunter began the quest for the Orb.
     0 | D:1      | Reached XP level 1. HP: 19/19 MP: 0/0
   124 | D:1      | Reached skill level 1 in Unarmed Combat
   124 | D:1      | Reached XP level 2. HP: 28/28 MP: 1/1
   316 | D:1      | Reached XP level 3. HP: 35/35 MP: 2/2
   613 | D:2      | Reached skill level 2 in Unarmed Combat
   791 | D:2      | Reached XP level 4. HP: 39/42 MP: 3/3
  1465 | D:3      | Noticed Ijyb
  1467 | D:3      | Paralysed by Ijyb for 4 turns
  1474 | D:3      | Paralysed by Ijyb for 3 turns
  1480 | D:3      | Killed Ijyb
  1554 | D:3      | Reached skill level 3 in Unarmed Combat
  1604 | D:3      | Found a shimmering altar of Xom.
  1845 | D:3      | Reached XP level 5. HP: 43/50 MP: 4/4
  2033 | D:4      | Found a hazy altar of Hepliaklqana.
  2205 | D:4      | Noticed an ogre
  2209 | D:4      | Killed an ogre
  2209 | D:4      | Reached XP level 6. HP: 61/61 MP: 5/5
  2373 | D:4      | Found a radiant altar of Vehumet.
  2376 | D:4      | Reached skill level 4 in Unarmed Combat
  2409 | D:4      | Found a snail-covered altar of Cheibriados.
  3080 | D:5      | Entered Level 5 of the Dungeon
  3094 | D:5      | Noticed a sky beast
  3097 | D:5      | Killed a sky beast
  3097 | D:5      | Reached XP level 7. HP: 67/67 MP: 6/6
  3120 | D:5      | Gained mutation: Your flesh is cold resistant. (rC+) [mutagenic meat]
  3121 | D:5      | Gained mutation: You passively map a small area around you. [mutagenic meat]
  3122 | D:5      | Gained mutation: You evolve. [mutagenic meat]
  3348 | D:5      | Noticed a steam dragon
  3348 | D:5      | Noticed a steam dragon
  3354 | D:5      | Killed a steam dragon
  3354 | D:5      | Reached skill level 5 in Unarmed Combat
  3356 | D:5      | Killed a steam dragon
  3631 | D:5      | Reached skill level 5 in Throwing
  3631 | D:5      | Reached XP level 8. HP: 76/78 MP: 7/7
  4075 | D:5      | Reached skill level 6 in Unarmed Combat
  4164 | D:5      | Found a blossoming altar of Fedhas.
  4457 | D:6      | Gained mutation: You passively map the area around you. [mutagenic meat]
  4458 | D:6      | Gained mutation: You rapidly evolve. [mutagenic meat]
  4528 | D:6      | Noticed Frank's ghost (novice GrFi)
  4535 | D:6      | Killed Frank's ghost
  4535 | D:6      | Reached skill level 7 in Unarmed Combat
  4535 | D:6      | Reached XP level 9. HP: 59/87 MP: 8/8
  4687 | D:6      | Noticed Eustachio
  4692 | D:6      | Gained mutation: You are partially covered in large bone plates. (SH +4) [evolution]
  4701 | D:6      | Killed Eustachio
  5259 | D:7      | Reached skill level 5 in Fighting
  5267 | D:7      | Reached skill level 5 in Dodging
  5267 | D:7      | Reached skill level 8 in Unarmed Combat
  5388 | D:7      | Found a runed door.
  5415 | D:7      | Noticed Crazy Yiuf
  5416 | D:7      | Killed Crazy Yiuf
  5580 | D:7      | Noticed Joseph
  5581 | D:7      | Found a staircase to the Ecumenical Temple.
  5590 | D:7      | Killed Joseph
  5640 | Temple   | Entered the Ecumenical Temple
  5676 | D:7      | Reached skill level 9 in Unarmed Combat
  6051 | D:8      | Gained mutation: You are partially covered in slimy green scales. (AC +2) [evolution]
  6053 | D:8      | Reached XP level 10. HP: 98/98 MP: 9/9
  6386 | D:8      | Found a staircase to the Lair.
  6392 | D:8      | Reached skill level 10 in Unarmed Combat
  6535 | D:8      | Noticed a two-headed ogre
  6942 | D:8      | Killed a two-headed ogre
  7141 | D:8      | Reached XP level 11. HP: 107/107 MP: 10/10
  7142 | D:8      | Reached skill level 12 in Unarmed Combat
  7142 | D:8      | Reached XP level 12. HP: 119/119 MP: 11/11
  7279 | D:8      | Found a sparkling altar of Nemelex Xobeh.
  8221 | D:9      | Found Nonu's Food Boutique.
  8290 | D:9      | Found Lang's Magic Scroll Emporium.
  8314 | D:9      | Found an iron altar of Okawaru.
  8834 | D:9      | Gained mutation: You have a pair of small horns on your head. [evolution]
  9013 | D:10     | Entered Level 10 of the Dungeon
 10758 | D:11     | Reached skill level 13 in Unarmed Combat
 11643 | D:12     | Found a staircase to the Orcish Mines.
 11892 | D:12     | Reached XP level 13. HP: 103/130 MP: 12/12
 12308 | Lair:1   | Entered Level 1 of the Lair of Beasts
 13023 | Lair:2   | Reached skill level 14 in Unarmed Combat
 13196 | Lair:2   | Lost mutation: You rapidly evolve. [evolution]
 13875 | Lair:3   | Found a staircase to the Shoals.
 13904 | Lair:3   | Noticed Gastronok
 13921 | Lair:3   | Killed Gastronok
 14016 | Lair:3   | HP: 4/131 [wolf (4)]
 14017 | Lair:3   | HP: 1/131 [wolf (9)]
 14018 | Lair:3   | Slain by a wolf

Skill      XL: |  1  2  3  4  5  6  7  8  9 10 11 12 13 |
---------------+----------------------------------------+-----
Unarmed Combat | 1 2 3 4 5 7 9 10 12 13 14 | 14.4
Fighting       | 2 3 4 5 6 7 8 9 |  9.3
Dodging        | 2 3 4 5 6 7 8 9 |  9.4
Throwing       | 4 5 6 7 9 |  9.7
Stealth        | |  0.3

Action                   |  1- 3 |  4- 6 |  7- 9 | 10-12 | 13-15 || total
-------------------------+-------+-------+-------+-------+-------++-------
Melee: Short sword       |     7 |       |       |       |       ||     7
       Unarmed           |    70 |   152 |   202 |   564 |   181 ||  1169
       Punch             |       |     2 |     9 |    35 |    13 ||    59
       Headbutt          |       |       |       |    75 |    49 ||   124
       Giant spiked club |       |       |       |       |     5 ||     5
Throw: Large rock        |     1 |     8 |    15 |    13 |    21 ||    58
       Throwing net      |       |       |       |     3 |       ||     3
       Javelin           |       |       |       |     2 |       ||     2
  Use: Scroll            |       |       |     5 |     7 |    10 ||    22
       Potion            |       |       |       |     3 |     2 ||     5
 Stab: Sleeping          |     2 |     2 |     4 |     5 |       ||    13
       Held in net/web   |       |       |       |     4 |       ||     4
  Eat: Chunk             |     5 |    18 |    31 |    41 |    16 ||   111
       Bread ration      |       |     1 |     1 |     2 |     1 ||     5
Armor: Robe              |    28 |    47 |     2 |       |       ||    77
       Steam dragon scal |       |       |    55 |   152 |    87 ||   294
Dodge: Dodged            |    35 |    68 |    91 |   321 |   245 ||   760
Block: Other             |       |       |    14 |    85 |    56 ||   155
